 Dungeon Crawl Stone Soup version 0.26.1-13-g052cdd8df3 (webtiles) character file.

Game seed: 16485242718038980311

42 Froggeryz the Caller (level 3, -6/14 HPs)
             Began as a Felid Summoner on Feb 11, 2022.
             Killed by divine providence
             ... invoked by an orc priest
              (10 damage)
             ... on level 3 of the Dungeon on Feb 12, 2022.
             The game lasted 00:10:23 (2601 turns).

Froggeryz the Caller (Felid Summoner)               Turns: 2601, Time: 00:10:24

Health: -6/14      AC:  1    Str:  4    XL:     3   Next: 33%
Magic:  4/8        EV: 18    Int: 17    God:
Gold:   77         SH:  0    Dex: 16    Spells: 1/7 levels left
                                        Lives:  0   Deaths: 0

rFire    . . .     SeeInvis +   (weapon unavailable)
rCold    . . .     Faith    .   (shield unavailable)
rNeg     . . .     Spirit   .   (armour unavailable)
rPois    .         Reflect  .   (helmet unavailable)
rElec    .         Harm     .   (cloak unavailable)
rCorr    .         Rampage  .   (gloves unavailable)
Will     .....                  (boots unavailable)
Stlth    +++.......             (no amulet)
HPRegen  0.04/turn              (no ring)
MPRegen  0.11/turn              (no ring)

@: quick
A: very small, no armour, no weapons or thrown items, stealth, claws 1, fangs 3,
see invisible, speed 1, shaggy fur 1, sharp paws
a: no special abilities


You were on level 3 of the Dungeon.
You visited 1 branch of the dungeon, and saw 3 of its levels.

You collected 77 gold pieces.

Inventory:

Jewellery
 a - a cursed ring of flight {unknown}
 b - an uncursed amulet of the acrobat {unknown}
Scrolls
 c - 3 scrolls of remove curse {unknown}
 d - a scroll of immolation {unknown}
 e - 2 scrolls of noise {unknown}
 g - 3 scrolls of identify {unknown}
 h - a scroll of random uselessness {unknown}
 i - a scroll of teleportation {unknown}
 k - a scroll of fear {unknown}
Potions
 f - a potion of attraction {unknown}
 j - a potion of resistance {unknown}
 l - 2 potions of flight {unknown}
 m - a potion of magic {unknown}
 n - a potion of mutation {unknown}
 o - a potion of lignification {unknown}


   Skills:
 - Level 2.6 Dodging
 - Level 2.6 Stealth
 + Level 2.8 Spellcasting
 + Level 4.6 Summonings


You had one spell level left.
You knew the following spells:

 Your Spells              Type           Power        Failure   Level
a - Summon Small Mammal   Summ           72%          2%          1
b - Call Imp              Summ           18%          4%          2
c - Call Canine Familiar  Summ           18%          8%          3

Your spell library contained the following spells:

 Spells                   Type           Power        Failure   Level
 Summon Guardian Golem    Hex/Summ       10%          21%         3
 Summon Ice Beast         Ice/Summ       10%          56%         4
 Summon Lightning Spire   Summ/Air       10%          56%         4


Dungeon Overview and Level Annotations

Branches:
Dungeon (3/15)

Altars:
Cheibriados


Innate Abilities, Weirdness & Mutations

You cannot wear armour.
You are incapable of wielding weapons or throwing items.
Your paws allow you to move quietly. (Stealth)
You have sharp claws.
You have razor-sharp teeth.
You have supernaturally acute eyesight. (SInv)
You cover ground quickly.
You are covered in fur. (AC +1)
Your sharp claws are effective at attacking unaware monsters.


Message History

What are your orders? t - Meow!
Orders for allies: a - Attack new target. r - Retreat! s - Stop attacking. g - Guard the area. f - Follow me.
Anything else - Cancel.
Gang up on whom?
Press: ? - help, Dir - move target, f - orc priest
Aim: an orc priest, wielding a +0 dagger and wearing a +0 ring mail (asleep) Attack!
The orc priest shouts!
The orc priest invokes the aid of Beogh against you.
Pain shoots through your body!
Ouch! That really hurt!
* * * LOW HITPOINT WARNING * * *
You swap places.
The orc priest calls down the wrath of Beogh upon you.
Beogh smites you!
Ouch! That really hurt!
You die...

... #.# #.#
#)# ###.#### #
.....h#o.#
#....oo.#
#@5#.#
####..#.#
##....§#.# #
#.####.#.##.#
#...........#
#.........####
#)§...........
#§####.##.###
#.# #.##.# #.#


You could see an orc priest, 2 orcs, a friendly hound (summoned) and a friendly
white imp (summoned).

Vanquished Creatures
  2 bats (D:1)
  A frilled lizard (D:1)
  A goblin (D:1)
4 creatures vanquished.

Vanquished Creatures (collateral kills)
  An ooze (D:2)
  A dart slug (D:1)
  3 leopard geckos (D:2)
  An orc (D:3)
  2 giant cockroaches
  4 goblins
  7 hobgoblins
  3 jackals (D:2)
  8 kobolds
  7 bats
  6 frilled lizards
  3 rats (D:1)
46 creatures vanquished.

Grand Total: 50 creatures vanquished

Notes
Turn   | Place    | Note
-------+----------+-------------------------------------------
     0 | D:1      | Froggeryz the Felid Summoner began the quest for the Orb.
     0 | D:1      | Reached XP level 1. HP: 7/7 MP: 4/4
   513 | D:1      | Reached XP level 2. HP: 11/11 MP: 3/6
  1664 | D:2      | Found a snail-covered altar of Cheibriados.
  1741 | D:2      | Reached XP level 3. HP: 14/14 MP: 0/8
  1943 | D:2      | Learned a level 2 spell: Call Imp
  2597 | D:3      | Learned a level 3 spell: Call Canine Familiar
  2601 | D:3      | Killed from afar by an orc priest

Illustrated notes

Levels and vault maps discovered:
D:1:      dpeg_arrival_stone_temple_mockup, layout_loops_ring
D:2:      layout_basic, lemuel_doored_altar
D:3:      minmay_spotlight, layout_loops_ring, hangedman_decor_points,
          minmay_ruptured

Action                   || total
-------------------------++-------
Melee: Unarmed           ||    19
 Cast: Summon Small Mamm ||   103
       Call Imp          ||     4
       Call Canine Famil ||     1
 Stab: Sleeping          ||     2
Armor: Skin              ||     3
Dodge: Dodged            ||    27
